3A
HOGSMEADE CAULDRONS @ GRAND FORKS CATERPILLARS
05/02/2034
 
TOP OF THE 1ST
Hogsmeade Cauldrons batting - Pitching for Grand Forks Caterpillars : RHP Albert Karlier
Pitching: RHP Albert Karlier
Batting: LHB Bartolo Trejo 0-0: Ball
1-0: Ball
2-0: Ball
3-0: Base on Balls
Batting: RHB Diederick Tuiters 0-0: Ball
1-0: Swinging Strike
1-1: Ball
2-1: Called Strike
2-2: SINGLE (Groundball, 34D)
Bartolo Trejo to second
Runner from 2nd tries for 3rd, SAFE, throw made to third
Batting: SHB Max Bortenschlager 0-0: Ball
1-0: Ball
2-0: Ball
3-0: Base on Balls
Diederick Tuiters to second
Batting: LHB Ewan Manshert 0-0: Called Strike
0-1: Ball
1-1: Ball
2-1: Ball
3-1: Base on Balls
Bartolo Trejo scores
Diederick Tuiters to third
Max Bortenschlager to second
Batting: RHB Graeme Dormer 0-0: Ball
1-0: Called Strike
1-1: Ball
2-1: Foul Ball, location: 2F
2-2: Foul Ball, location: 2F
2-2: Strikes out looking
Batting: RHB Pablo Álvarez 0-0: Ball
1-0: Called Strike
1-1: Swinging Strike
1-2: Hit by Pitch
Diederick Tuiters scores
Max Bortenschlager to third
Ewan Manshert to second
Batting: RHB Pablo Ortíz 0-0: Ball
1-0: Fly out, F8 (Flyball, 8LS)
Runner from 3rd tags up, SCORES, no throw
Batting: RHB Jimmy Robinson 0-0: Foul Ball, location: 2F
0-1: Ball
1-1: Called Strike
1-2: Strikes out looking
Top of the 1st over - 3 runs, 1 hit, 0 errors, 2 left on base; Hogsmeade 3 - Grand Forks 0
BOTTOM OF THE 1ST
Grand Forks Caterpillars batting - Pitching for Hogsmeade Cauldrons : RHP Kent Good
Pitching: RHP Kent Good
Batting: RHB Glenn Randall 0-0: Foul Ball, location: 2F
0-1: Foul Ball, location: 2F
0-2: Ground out 6-3 (Groundball, 6)
Batting: RHB Desi Fleming 0-0: Ball
1-0: SINGLE (Groundball, 6MD)
Batting: RHB Hirotada Rin 0-0: Called Strike
0-1: Swinging Strike
0-2: Ball
1-2: Ball
2-2: Strikes out looking
Batting: LHB Félix Castellanos 0-0: Called Strike
0-1: Foul Ball, location: 2F
0-2: Strikes out swinging
Bottom of the 1st over - 0 runs, 1 hit, 0 errors, 1 left on base; Hogsmeade 3 - Grand Forks 0
TOP OF THE 2ND
Hogsmeade Cauldrons batting - Pitching for Grand Forks Caterpillars : RHP Albert Karlier
Batting: RHB Héctor Dávila 0-0: Swinging Strike
0-1: Called Strike
0-2: Foul Ball, location: 2F
0-2: Strikes out swinging
Batting: LHB Bartolo Trejo 0-0: Called Strike
0-1: Called Strike
0-2: Foul Ball, location: 2F
0-2: Strikes out swinging
Batting: RHB Diederick Tuiters 0-0: Called Strike
0-1: Swinging Strike
0-2: Strikes out swinging
Top of the 2nd over - 0 runs, 0 hits, 0 errors, 0 left on base; Hogsmeade 3 - Grand Forks 0
BOTTOM OF THE 2ND
Grand Forks Caterpillars batting - Pitching for Hogsmeade Cauldrons : RHP Kent Good
Batting: SHB Temaki Yuka 0-0: Ball
1-0: Ball
2-0: Ball
3-0: Base on Balls
Batting: RHB Xiong Phan 0-0: Swinging Strike
0-1: Called Strike
0-2: Fly out, F7 (Flyball, 78M)
Batting: RHB Blythe Plumpley 0-0: Ball
1-0: Ground out 4-3 (Groundball, 4S)
Temaki Yuka to second
Batting: RHB Brian Andrade 0-0: Called Strike
0-1: Ball
1-1: Ground out 6-3 (Groundball, 6)
Bottom of the 2nd over - 0 runs, 0 hits, 0 errors, 1 left on base; Hogsmeade 3 - Grand Forks 0
TOP OF THE 3RD
Hogsmeade Cauldrons batting - Pitching for Grand Forks Caterpillars : RHP Albert Karlier
Batting: SHB Max Bortenschlager 0-0: Swinging Strike
0-1: Foul Ball, location: 2F
0-2: Ball
1-2: Strikes out looking
Batting: LHB Ewan Manshert 0-0: Ball
1-0: DOUBLE (Flyball, 89D)
Batting: RHB Graeme Dormer 0-0: Foul Ball, location: 2F
0-1: Ball
1-1: Ball
2-1: Fly out, F3 (Popup, 23F)
Batting: RHB Pablo Álvarez 0-0: Called Strike
0-1: Ball
1-1: Called Strike
1-2: Strikes out looking
Top of the 3rd over - 0 runs, 1 hit, 0 errors, 1 left on base; Hogsmeade 3 - Grand Forks 0
BOTTOM OF THE 3RD
Grand Forks Caterpillars batting - Pitching for Hogsmeade Cauldrons : RHP Kent Good
Batting: RHB Andrew Bryant 0-0: Foul Ball, location: 2F
0-1: Ground out 5-3 (Groundball, 56S)
Batting: RHB Glenn Randall 0-0: Ground out 5-3 (Groundball, 56)
Batting: RHB Desi Fleming 0-0: Called Strike
0-1: Foul Ball, location: 2F
0-2: Strikes out looking
Bottom of the 3rd over - 0 runs, 0 hits, 0 errors, 0 left on base; Hogsmeade 3 - Grand Forks 0
TOP OF THE 4TH
Hogsmeade Cauldrons batting - Pitching for Grand Forks Caterpillars : RHP Albert Karlier
Batting: RHB Pablo Ortíz 0-0: Ball
1-0: Ball
2-0: Ball
3-0: Base on Balls
Batting: RHB Jimmy Robinson 0-0: Ball
Wild Pitch!
Pablo Ortíz to second
1-0: Intentional Walk
Batting: RHB Héctor Dávila 0-0: Ball
1-0: Called Strike
1-1: Called Strike
1-2: Foul Ball, location: 2F
1-2: Ball
2-2: Foul Ball, location: 2F
2-2: Strikes out swinging
Batting: LHB Bartolo Trejo 0-0: Swinging Strike
0-1: Ball
1-1: Ball
2-1: DOUBLE (Line Drive, 7LM)
Pablo Ortíz scores
Jimmy Robinson to third
Runner from 3rd tries for Home, SAFE, no throw
Batting: RHB Diederick Tuiters 0-0: Ball
1-0: Ball
2-0: Fly out, F7 (Flyball, 7)
Batting: SHB Max Bortenschlager 0-0: Called Strike
0-1: Ball
1-1: Ball
2-1: Swinging Strike
2-2: Ball
3-2: Fly out, F8 (Flyball, 89M)
Top of the 4th over - 2 runs, 1 hit, 0 errors, 1 left on base; Hogsmeade 5 - Grand Forks 0
BOTTOM OF THE 4TH
Grand Forks Caterpillars batting - Pitching for Hogsmeade Cauldrons : RHP Kent Good
Batting: RHB Hirotada Rin 0-0: Called Strike
0-1: Ball
1-1: Ground out 6-3 (Groundball, 6)
Batting: LHB Félix Castellanos 0-0: Ball
1-0: Ball
2-0: Called Strike
2-1: Fly out, F6 (Line Drive, 56)
Batting: SHB Temaki Yuka 0-0: Ground out 2-3 (Groundball, 15S)
Bottom of the 4th over - 0 runs, 0 hits, 0 errors, 0 left on base; Hogsmeade 5 - Grand Forks 0
TOP OF THE 5TH
Hogsmeade Cauldrons batting - Pitching for Grand Forks Caterpillars : RHP Albert Karlier
Pitching: RHP John Whittier
Batting: LHB Ewan Manshert 0-0: Ball
1-0: Ball
2-0: Foul Ball, location: 2F
2-1: Swinging Strike
2-2: Ball
3-2: Foul Ball, location: 2F
3-2: Strikes out swinging
Batting: RHB Graeme Dormer 0-0: Called Strike
0-1: Ball
1-1: Foul Ball, location: 2F
1-2: Strikes out swinging
Batting: RHB Pablo Álvarez 0-0: Ball
1-0: Foul Ball, location: 2F
1-1: Foul Ball, location: 2F
1-2: Fly out, F8 (Line Drive, 89D)
Top of the 5th over - 0 runs, 0 hits, 0 errors, 0 left on base; Hogsmeade 5 - Grand Forks 0
BOTTOM OF THE 5TH
Grand Forks Caterpillars batting - Pitching for Hogsmeade Cauldrons : RHP Kent Good
Batting: RHB Xiong Phan 0-0: Fly out, F9 (Line Drive, 9S)
Batting: RHB Blythe Plumpley 0-0: Ball
1-0: Ball
2-0: Swinging Strike
2-1: Ball
3-1: Swinging Strike
3-2: Single, Error in OF, E7, batter to second base
Batting: RHB Brian Andrade 0-0: Called Strike
0-1: Swinging Strike
0-2: Strikes out swinging
Batting: RHB Andrew Bryant 0-0: Ball
1-0: Swinging Strike
1-1: Called Strike
1-2: Strikes out swinging
Bottom of the 5th over - 0 runs, 1 hit, 1 error, 1 left on base; Hogsmeade 5 - Grand Forks 0
TOP OF THE 6TH
Hogsmeade Cauldrons batting - Pitching for Grand Forks Caterpillars : RHP John Whittier
Batting: RHB Pablo Ortíz 0-0: Ball
1-0: SINGLE (Line Drive, 56D)
Batting: RHB Jimmy Robinson 0-0: Ball
1-0: Swinging Strike
1-1: Called Strike
1-2: Strikes out looking
Batting: RHB Héctor Dávila 0-0: Swinging Strike
0-1: Ball
1-1: Called Strike
1-2: Ball
2-2: Fly out, F7 (Flyball, 78M)
Batting: LHB Bartolo Trejo 0-0: Swinging Strike
0-1: Ball
1-1: Swinging Strike
1-2: Strikes out swinging
Top of the 6th over - 0 runs, 1 hit, 0 errors, 1 left on base; Hogsmeade 5 - Grand Forks 0
BOTTOM OF THE 6TH
Grand Forks Caterpillars batting - Pitching for Hogsmeade Cauldrons : RHP Kent Good
Batting: RHB Glenn Randall 0-0: Fly out, F4 (Line Drive, 4M)
Now at 2B: Brant Reed
Batting: RHB Desi Fleming 0-0: Fly out, F9 (Flyball, 9S)
Batting: RHB Hirotada Rin 0-0: Called Strike
0-1: Ground out 5-3 (Groundball, 56)
Bottom of the 6th over - 0 runs, 0 hits, 0 errors, 0 left on base; Hogsmeade 5 - Grand Forks 0
TOP OF THE 7TH
Hogsmeade Cauldrons batting - Pitching for Grand Forks Caterpillars : RHP John Whittier
Batting: RHB Brant Reed 0-0: Ball
1-0: Foul Ball, location: 2F
1-1: Foul Ball, location: 2F
1-2: Fly out, F5 (Line Drive, 56)
Batting: SHB Max Bortenschlager 0-0: Swinging Strike
0-1: Called Strike
0-2: Ball
1-2: Ball
2-2: Ball
3-2: Strikes out looking
Batting: LHB Ewan Manshert 0-0: Ball
1-0: Called Strike
1-1: Ball
2-1: Called Strike
2-2: Foul Ball, location: 2F
2-2: Strikes out swinging
Top of the 7th over - 0 runs, 0 hits, 0 errors, 0 left on base; Hogsmeade 5 - Grand Forks 0
BOTTOM OF THE 7TH
Grand Forks Caterpillars batting - Pitching for Hogsmeade Cauldrons : RHP Kent Good
Batting: LHB Félix Castellanos 0-0: Ball
1-0: Called Strike
1-1: Foul Ball, location: 2F
1-2: Foul Ball, location: 2F
1-2: Ground out 3-1 (Groundball, 34)
Batting: SHB Temaki Yuka 0-0: Ball
1-0: Called Strike
1-1: Ground out 3-1 (Groundball, 34)
Batting: RHB Xiong Phan 0-0: Ball
1-0: Ball
2-0: SINGLE (Flyball, 7S)
Batting: RHB Blythe Plumpley 0-0: Foul Ball, location: 2F
0-1: Ball
1-1: Foul Ball, location: 2F
1-2: Fly out, F4 (Popup, 4S)
Bottom of the 7th over - 0 runs, 1 hit, 0 errors, 1 left on base; Hogsmeade 5 - Grand Forks 0
TOP OF THE 8TH
Hogsmeade Cauldrons batting - Pitching for Grand Forks Caterpillars : RHP John Whittier
Batting: RHB Graeme Dormer 0-0: Ball
1-0: Foul Ball, location: 2F
1-1: Fly out, F5 (Line Drive, 5L)
Batting: RHB Pablo Álvarez 0-0: Ball
1-0: Ball
2-0: Ball
3-0: Called Strike
3-1: Called Strike
3-2: Base on Balls
Batting: RHB Pablo Ortíz 0-0: Ball
1-0: Ball
2-0: Ball
3-0: Called Strike
3-1: Base on Balls
Pablo Álvarez to second
Pitching: RHP Pedro Ángel
Batting: RHB Jimmy Robinson 0-0: Called Strike
0-1: Ball
1-1: Foul Ball, location: 2F
1-2: Strikes out swinging
Batting: RHB Héctor Dávila 0-0: Called Strike
0-1: Foul Ball, location: 2F
0-2: Ball
1-2: Fielders Choice at 2nd, 6-4 (Groundball, 6)
Top of the 8th over - 0 runs, 0 hits, 0 errors, 2 left on base; Hogsmeade 5 - Grand Forks 0
BOTTOM OF THE 8TH
Grand Forks Caterpillars batting - Pitching for Hogsmeade Cauldrons : RHP Kent Good
Batting: RHB Brian Andrade 0-0: Ball
1-0: Swinging Strike
1-1: Swinging Strike
1-2: Ground out 5-3 (Groundball, 5)
Batting: RHB Andrew Bryant 0-0: Ball
1-0: Swinging Strike
1-1: Foul Ball, location: 2F
1-2: Ball
2-2: Ball
3-2: SINGLE (Groundball, 56D)
Batting: RHB Glenn Randall 0-0: Ball
1-0: Ball
2-0: Called Strike
2-1: Ground out U3 (Groundball, 34S)
Andrew Bryant to second
Batting: RHB Desi Fleming 0-0: SINGLE (Groundball, 56D)
Andrew Bryant to third
Runner from 3rd tries for Home, SAFE, throw made home
Desi Fleming to second
Batting: RHB Hirotada Rin 0-0: Called Strike
0-1: Fly out, F9 (Flyball, 89XD)
Bottom of the 8th over - 1 run, 2 hits, 0 errors, 1 left on base; Hogsmeade 5 - Grand Forks 1
TOP OF THE 9TH
Hogsmeade Cauldrons batting - Pitching for Grand Forks Caterpillars : RHP Pedro Ángel
Batting: LHB Bartolo Trejo 0-0: Ball
1-0: Fly out, F6 (Line Drive, 6)
Batting: RHB Brant Reed 0-0: Ground out 1-3 (Groundball, 15S)
Batting: SHB Max Bortenschlager 0-0: Called Strike
0-1: Foul Ball, location: 2F
0-2: Strikes out swinging
Top of the 9th over - 0 runs, 0 hits, 0 errors, 0 left on base; Hogsmeade 5 - Grand Forks 1
BOTTOM OF THE 9TH
Grand Forks Caterpillars batting - Pitching for Hogsmeade Cauldrons : RHP Kent Good
Batting: LHB Félix Castellanos 0-0: Called Strike
0-1: Called Strike
0-2: Ball
1-2: Ground out 4-3 (Groundball, 34)
Batting: SHB Temaki Yuka 0-0: Called Strike
0-1: Ball
1-1: SINGLE (Line Drive, 56D)
Batting: RHB Xiong Phan 0-0: Ball
1-0: Grounds into double play, 5-4-3 (Groundball, 5L)
Bottom of the 9th over - 0 runs, 1 hit, 0 errors, 0 left on base; Hogsmeade 5 - Grand Forks 1
Friday, March 29th, 2019 - OOTP Baseball 18.8 Build 76